 Dungeon Crawl Stone Soup version 0.21.1-1-g345015f (webtiles) character file.

100 odemus the Conjurer (level 4, 0/24 HPs)
             Began as a Deep Elf Conjurer on Apr 10, 2018.
             Slain by Verendum's ghost (15 damage)
             ... on level 4 of the Dungeon.
             The game lasted 00:22:00 (2634 turns).

odemus the Conjurer (Deep Elf Conjurer)             Turns: 2634, Time: 00:22:01

Health: 0/24       AC:  2    Str:  5    XL:     4   Next: 47%
Magic:  2/12       EV: 13    Int: 21    God:
Gold:   114        SH:  0    Dex: 15    Spells: 4/11 levels left

rFire    . . .     SeeInvis .   (no weapon)
rCold    . . .     Gourm    .   (no shield)
rNeg     . . .     Faith    .   a - +0 robe
rPois    .         Spirit   .   (no helmet)
rElec    .         Reflect  .   (no cloak)
rCorr    .         Harm     .   (no gloves)
MR       .....                  (no boots)
Stlth    +++.......             (no amulet)
HPRegen  0.08/turn              (no ring)
MPRegen  0.13/turn              (no ring)

@: no status effects
A: no striking features
a: no special abilities


You were on level 4 of the Dungeon.
You were not hungry.

You visited 1 branch of the dungeon, and saw 4 of its levels.

You collected 114 gold pieces.

Inventory:

Hand Weapons
 i - a +0 short sword
Armour
 a - a +0 robe (worn)
 f - a +0 robe
 l - a +0 ring mail of cold resistance
Scrolls
 d - 3 scrolls of remove curse
 e - 2 scrolls of identify {unknown}
 g - a scroll of magic mapping
 n - a scroll of fear {unknown}
 o - a scroll of amnesia {unknown}
 p - 2 scrolls of noise {unknown}
 q - a scroll of teleportation {unknown}
Potions
 h - a potion of curing
 j - 2 potions of brilliance {unknown}
 k - 2 potions of might {unknown}
 r - a potion of magic {unknown}
Books
 b - a book of Conjurations

   Spells                             Type                      Level
   a - Magic Dart                     Conjuration                  1
   b - Searing Ray                    Conjuration                  2
   c - Dazzling Spray                 Conjuration/Hexes            3
   d - Fulminant Prism                Conjuration/Hexes            4
   e - Force Lance                    Conjuration/Translocation    4
   f - Iskenderun's Mystic Blast      Conjuration                  4
 m - a book of Misfortune

   Spells                             Type                      Level
   a - Confusing Touch                Hexes                        1
   b - Confuse                        Hexes                        3
   c - Gell's Gravitas                Translocation                3
   d - Petrify                        Transmutation/Earth          4
   e - Metabolic Englaciation         Hexes/Ice                    5
   f - Yara's Violent Unravelling     Hexes/Transmutation          5
Comestibles
 c - 5 rations


   Skills:
 - Level 2.4 Dodging
 + Level 3.7 Stealth
 + Level 4.1 Spellcasting
 * Level 5.5 Conjurations


You had 4 spell levels left.
You knew the following spells:

 Your Spells              Type           Power        Failure   Level  Hunger
a - Magic Dart            Conj           ####         1%          1    None
b - Searing Ray           Conj           ####..       1%          2    #......
c - Fulminant Prism       Conj/Hex       ###.......   36%         4    ####...


Dungeon Overview and Level Annotations

Branches:
Dungeon (4/15)
 Temple: D:4-7

Altars:

Annotations:
D:4 Verendum's ghost, amateur GrFi


Message History

Casting: Searing Ray
Confirm with . or Enter, or press ? or * to list all spells.
Aiming: Searing Ray
Press: ? - help, Shift-Dir - straight line, f/p - Verendum's ghost
Aim: Verendum's ghost (heavily damaged)
The searing ray hits Verendum's ghost.
Verendum's ghost is heavily damaged. (Press . to maintain the ray.) Verendum's ghost hits you!
The searing ray hits Verendum's ghost.
Verendum's ghost is heavily damaged.
Verendum's ghost hits you but does no damage.
The searing ray hits Verendum's ghost.
Verendum's ghost is severely damaged.
Verendum's ghost hits you!
Ouch! That really hurt!
* * * LOW HITPOINT WARNING * * *
You feel better. Verendum's ghost hits you!
Ouch! That really hurt!
You die...

.....#....
#....W.#
#......#
##......#
#.......#
#.....#.#
#.##### ..
#.#########
#......W@.#
#########.#
.......<#
#####.#.#
...#.. ###
####


You could see Verendum's ghost.

Vanquished Creatures
  2 adders (D:3)
  2 worms
  2 dart slugs (D:2)
  4 orcs (D:3)
  A ball python (D:2)
  5 giant cockroaches
  9 goblins
  10 hobgoblins
  4 jackals (D:1)
  9 kobolds
  4 bats
  A frilled lizard (D:1)
  A jackal skeleton (D:4)
  8 rats
62 creatures vanquished.

Notes
Turn   | Place    | Note
-------+----------+-------------------------------------------
     0 | D:1      | odemus the Deep Elf Conjurer began the quest for the Orb.
     0 | D:1      | Reached XP level 1. HP: 10/10 MP: 6/6
     2 | D:1      | Noticed a centaur
     4 | D:1      | Noticed a tengu
     4 | D:1      | Noticed an ogre
     6 | D:1      | Noticed an elf
     6 | D:1      | Noticed a minotaur
     8 | D:1      | Noticed a human
     8 | D:1      | Noticed a ghoul
    10 | D:1      | Noticed a vine stalker
    10 | D:1      | Noticed a formicid
    12 | D:1      | Noticed a draconian
    12 | D:1      | Noticed a halfling
    14 | D:1      | Noticed a demigod
    14 | D:1      | Noticed a felid
    16 | D:1      | Noticed a demonspawn
    18 | D:1      | Noticed a spriggan
    18 | D:1      | Noticed a merfolk
    20 | D:1      | Noticed a gargoyle
    20 | D:1      | Noticed a troll
    22 | D:1      | Noticed a naga
    24 | D:1      | Noticed a dwarf
    26 | D:1      | Noticed a vampire
    26 | D:1      | Noticed an octopode
   233 | D:1      | Reached XP level 2. HP: 15/15 MP: 6/8
  1118 | D:2      | Reached skill level 5 in Conjurations
  1118 | D:2      | Reached XP level 3. HP: 19/19 MP: 7/10
  1122 | D:2      | Learned a level 2 spell: Searing Ray
  1944 | D:3      | Reached XP level 4. HP: 16/24 MP: 8/11
  2267 | D:3      | Learned a level 4 spell: Fulminant Prism
  2613 | D:4      | Noticed Verendum's ghost (amateur GrFi)
  2634 | D:4      | Slain by Verendum's ghost

Skill      XL: |  1  2  3  4 |
---------------+-------------+-----
Stealth        | 3 |  3.7
Conjurations   | 5 |  5.5
Spellcasting   | 4 |  4.1
Dodging        | |  2.4

Action                   |  1- 3 |  4- 6 || total
-------------------------+-------+-------++-------
 Cast: Magic Dart        |    70 |    31 ||   101
       Searing Ray       |     5 |     4 ||     9
  Use: Scroll            |     3 |       ||     3
       Potion            |     2 |     1 ||     3
  Eat: Ration            |     1 |     1 ||     2
Armor: Robe              |     1 |     3 ||     4
Dodge: Dodged            |     7 |    12 ||    19
